 Dungeon Crawl Stone Soup version 0.21-a0-516-gaaff437 (webtiles) character file.

4109 Nirn the Martial Artist (level 9, -6/80 HPs)
             Began as a Demigod Transmuter on Dec 3, 2017.
             Mangled by a two-headed ogre
             ... wielding a +2 dire flail of crushing
              (7 damage)
             ... on level 9 of the Dungeon.
             The game lasted 01:05:27 (13860 turns).

Nirn the Martial Artist (Demigod Transmuter)       Turns: 13860, Time: 01:05:28

Health: -6/80      AC:  7    Str: 13    XL:     9   Next: 78%
Magic:  14/14      EV: 13    Int: 23    God:
Gold:   427        SH:  0    Dex: 16    Spells: 4/11 levels left

rFire    . . .     SeeInvis .   H - staff of wizardry
rCold    . . .     Gourm    .   (no shield)
rNeg     . . .     Faith    .   G - +0 steam dragon scales
rPois    .         Spirit   .   (no helmet)
rElec    .         Reflect  .   (no cloak)
rCorr    .         Harm     .   (no gloves)
MR       .....                  s - +1 pair of boots
Stlth    +.........             (no amulet)
HPRegen  0.23/turn              (no ring)
MPRegen  0.14/turn              (no ring)

@: no status effects
A: high mp 1
a: no special abilities


You were on level 9 of the Dungeon.
You were not hungry.

You visited 1 branch of the dungeon, and saw 9 of its levels.

You collected 427 gold pieces.

Inventory:

Missiles
 a - 211 arrows
Armour
 l - a scarf of spirit shield
 o - the +2 scale mail "Mepteiffo" {rPois Str+3 Slay+2, unknown}
   (You found it on level 9 of the Dungeon)

   It affects your strength (+3).
   It affects your accuracy and damage with ranged weapons and melee attacks
   (+2).
   It protects you from poison.
 s - a +1 pair of boots (worn)
 y - a +0 robe of positive energy
 z - a +2 leather armour of fire resistance
 G - +0 steam dragon scales (worn)
Magical Staves
 H - an uncursed staff of wizardry (weapon)
Jewellery
 d - an uncursed ring of fire
Wands
 p - a wand of disintegration (34)
 t - a wand of enslavement (12)
 E - a wand of iceblast (7)
Scrolls
 b - a scroll of fog
 g - 3 scrolls of remove curse
 h - 3 scrolls of teleportation
 n - 2 scrolls of amnesia
 D - a scroll of magic mapping
 F - 2 scrolls of blinking
Potions
 e - 2 potions of curing
 f - 3 potions of agility
 i - a potion of heal wounds {unknown}
 j - a potion of magic {unknown}
 k - 2 potions of lignification
 m - a potion of brilliance {unknown}
 r - a potion of resistance {unknown}
 w - 3 potions of mutation
 A - a potion of invisibility {unknown}
 C - a potion of degeneration {unknown}
 J - a potion of ambrosia {unknown}
Books
 c - a book of Changes

   Spells                             Type                      Level
   a - Beastly Appendage              Transmutation                1
   b - Sticks to Snakes               Transmutation                2
   c - Spider Form                    Transmutation/Poison         3
   d - Ice Form                       Ice/Transmutation            4
   e - Blade Hands                    Transmutation                5
 v - a book of Maledictions

   Spells                             Type                      Level
   a - Corona                         Hexes                        1
   b - Ensorcelled Hibernation        Hexes/Ice                    2
   c - Confuse                        Hexes                        3
   d - Tukima's Dance                 Hexes                        3
   e - Dazzling Spray                 Conjuration/Hexes            3
 x - a book of Necromancy

   Spells                             Type                      Level
   a - Pain                           Necromancy                   1
   b - Animate Skeleton               Necromancy                   1
   c - Vampiric Draining              Necromancy                   3
   d - Regeneration                   Charms/Necromancy            3
   e - Animate Dead                   Necromancy                   4
   f - Control Undead                 Necromancy                   4
Comestibles
 q - 3 meat rations
 u - 2 bread rations


   Skills:
 + Level 7.7 Fighting
 + Level 2.0 Dodging
 + Level 8.2 Unarmed Combat
 - Level 1.7 Spellcasting
 + Level 7.9 Transmutations


You had 4 spell levels left.
You knew the following spells:

 Your Spells              Type           Power        Failure   Level  Hunger
b - Spider Form           Tmut/Pois      ###.......   3%          3    ###....
c - Ice Form              Ice/Tmut       ###.....     11%         4    #####..


Dungeon Overview and Level Annotations

Branches:
Dungeon (9/15)             Temple (0/1) D:4
   Lair: D:8-11         Orc: D:9-12

Shops:
D:5 (%}!

Annotations:
D:7 Joseph


Innate Abilities, Weirdness & Mutations

You have an increased reservoir of magic. (+10% MP)


Message History

You hit the two-headed ogre. You freeze the two-headed ogre.
The two-headed ogre is moderately wounded.
The two-headed ogre hits you with a dire flail of crushing.
The two-headed ogre hits you with a giant club!
You hit the two-headed ogre but do no damage.
The two-headed ogre is moderately wounded.
You hit the two-headed ogre. You freeze the two-headed ogre.
The two-headed ogre is moderately wounded.
The two-headed ogre hits you with a dire flail of crushing!!
The two-headed ogre hits you with a giant club!
* * * LOW HITPOINT WARNING * * *
Your transformation is almost over.
You warm up again.
Your uncursed staff of wizardry unmelds from your body.
Your +1 pair of boots unmelds from your body.
Your +0 steam dragon scales unmelds from your body.
There is a stone staircase leading up here.
The two-headed ogre hits you with a dire flail of crushing!!
* * * LOW HITPOINT WARNING * * *
You die...

##### .#.
##...###########
.....##.........5h...##
.....%.....#########..#
....>......# #.5..#
.#.#.#....## ##.8..# ...
#....# #####.....#####
#.
#....###.h.5##'##'...##
#
......##@O8..##.##..8.<#
###...###...##...##...##
#.... ######.8.######
#...# ##<## ###


You could see a two-headed ogre, a shadow imp and a jackal.

Vanquished Creatures
  A troll (D:9)
  A hungry ghost (D:7)
  Eustachio (D:6)
  A steam dragon (D:8)
  The ghost of KristoblXynda the Chopper, an amateur DrGl of Cheibriados (D:4)
  Edmund (D:5)
  A sky beast (D:6)
  Duvessa (D:5)
  A black bear (D:7)
  4 orc warriors
  2 ice beasts
  An ogre (D:6)
  3 centaurs
  Blork the orc (D:3)
  4 bullfrogs
  Dowan (D:5)
  8 wights
  A howler monkey (D:6)
  3 crimson imps
  A bullfrog zombie (D:8)
  3 centaur zombies
  3 hounds
  A jelly (D:8)
  10 orc priests
  A bullfrog skeleton (D:8)
  3 iguanas
  8 orc wizards
  4 worker ants
  A worker ant zombie (D:8)
  A howler monkey zombie (D:6)
  11 adders
  3 shadow imps
  3 oozes
  5 worms
  4 dart slugs
  7 leopard geckos
  29 orcs
  2 ball pythons (D:4)
  6 giant cockroaches
  10 goblins
  5 hobgoblins
  6 jackals
  8 bats
  4 frilled lizards
  4 kobolds
  10 rats
190 creatures vanquished.

Vanquished Creatures (others)
  An orc (D:8)
  A bat (D:2)
2 creatures vanquished.

Grand Total: 192 creatures vanquished

Notes
Turn   | Place    | Note
-------+----------+-------------------------------------------
     0 | D:1      | Nirn the Demigod Transmuter began the quest for the Orb.
     0 | D:1      | Reached XP level 1. HP: 15/15 MP: 5/5
   257 | D:1      | Reached skill level 1 in Fighting
   457 | D:1      | Reached skill level 3 in Unarmed Combat
   548 | D:1      | Reached XP level 2. HP: 23/23 MP: 5/7
  1585 | D:2      | Noticed an orc warrior
  1864 | D:1      | Reached XP level 3. HP: 16/29 MP: 6/8
  2743 | D:2      | Reached XP level 4. HP: 14/37 MP: 9/9
  2944 | D:1      | Learned a level 3 spell: Spider Form
  3107 | D:2      | Killed an orc warrior
  3107 | D:2      | Reached skill level 4 in Unarmed Combat
  3107 | D:2      | Reached XP level 5. HP: 7/45 MP: 5/10
  3448 | D:2      | Found a burning altar of Makhleb.
  4696 | D:3      | Found an ornate altar of the Wu Jian Council.
  5239 | D:3      | Found a white marble altar of Elyvilon.
  5405 | D:4      | Reached XP level 6. HP: 51/52 MP: 7/11
  5425 | D:4      | Noticed Blork the orc
  5441 | D:3      | Killed Blork the orc
  5768 | D:4      | Reached skill level 5 in Unarmed Combat
  5968 | D:4      | Found a staircase to the Ecumenical Temple.
  5968 | D:4      | Noticed Edmund
  5986 | D:4      | Noticed KristoblXynda's ghost (amateur DrGl)
  6365 | D:4      | Reached XP level 7. HP: 59/59 MP: 12/12
  6374 | D:4      | Learned a level 4 spell: Ice Form
  6454 | D:4      | Killed KristoblXynda's ghost
  6760 | D:4      | Found a sacrificial altar of Ru.
  6820 | D:5      | Entered Level 5 of the Dungeon
  6820 | D:5      | Found Qytirgh's Antique Weapon Shop.
  7075 | D:5      | Found a deep blue altar of Sif Muna.
  7097 | D:5      | Found Josyacwu's Gadget Shoppe.
  7142 | D:5      | Noticed Duvessa
  7206 | D:5      | Killed Edmund
  7292 | D:5      | Found a blossoming altar of Fedhas.
  7337 | D:5      | Found Riemas's Distillery.
  7353 | D:5      | Noticed Dowan
  7540 | D:5      | Killed Duvessa
  7540 | D:5      | Reached skill level 5 in Transmutations
  7649 | D:5      | Killed Dowan
  7778 | D:5      | Found Zosk's Food Boutique.
  8175 | D:6      | Reached skill level 5 in Fighting
  8182 | D:6      | Reached XP level 8. HP: 53/68 MP: 10/13
  8476 | D:6      | Reached skill level 6 in Unarmed Combat
  9896 | D:6      | Found a blossoming altar of Fedhas.
  9935 | D:6      | Found a glowing silver altar of Zin.
  9935 | D:6      | Found an ornate altar of the Wu Jian Council.
  9937 | D:6      | Found a stormy altar of Qazlal.
  9937 | D:6      | Found a bloodstained altar of Trog.
  9937 | D:6      | Found a shimmering altar of Xom.
 10170 | D:6      | Noticed Eustachio
 10186 | D:6      | Killed Eustachio
 10574 | D:7      | Reached skill level 7 in Unarmed Combat
 10592 | D:7      | Reached XP level 9. HP: 22/78 MP: 9/14
 10985 | D:7      | Noticed Joseph
 12731 | D:8      | Reached skill level 8 in Unarmed Combat
 13469 | D:8      | Found an opulent altar of Gozag.
 13799 | D:9      | Got a smoking scale mail
 13829 | D:9      | Noticed a two-headed ogre
 13860 | D:9      | HP: 1/80 [two-headed ogre/dire flail of crushing (25)]
 13860 | D:9      | Mangled by a two-headed ogre

Vault maps used:
D:1:      dpeg_arrival_refuge
D:2:      nicolae_overflow_hidden_temple
D:3:      overflow_temple_1_default, lemuel_coloured_pillars_altar,
          minmay_misc_feat_iff
D:4:      kennysheep_mini, temple_pool_b, uniq_edmund, uniq_blork_the_orc
D:5:      kennysheep_mini_moat, first_bread, serial_shops, shop, shop, shop,
          shop, fedhas_altar_4, uniq_duvessa
D:6:      doesnt_xom_only_xom, uniq_eustachio
D:7:      uniq_joseph
D:8:      old_standard_altar
D:9:      nicolae_overflow_crystal_walls, ashenzari_altar_1, lemuel_round_altar,
          orc_0_dummy, blue_anna_alchemist, nicolae_benzene_ring,
          grunt_ministairs_4

Skill      XL: |  1  2  3  4  5  6  7  8  9 |
---------------+----------------------------+-----
Fighting       | 1 2 3 4 5 6 7 |  7.7
Unarmed Combat | 3 4 5 7 8 |  8.2
Transmutations | 2 4 5 6 7 |  7.9
Dodging        | 2 |  2.0
Spellcasting   | |  1.7

Action                   |  1- 3 |  4- 6 |  7- 9 || total
-------------------------+-------+-------+-------++-------
Melee: Unarmed           |   122 |   235 |   462 ||   819
       Headbutt          |     6 |       |       ||     6
       Kick              |     7 |       |       ||     7
       Punch             |     2 |     2 |     4 ||     8
 Cast: Beastly Appendage |    13 |       |       ||    13
       Spider Form       |       |    15 |    44 ||    59
       Ice Form          |       |       |     5 ||     5
  Use: Scroll            |       |       |    16 ||    16
 Stab: Sleeping          |       |     3 |       ||     3
  Eat: Chunk             |     4 |    11 |    22 ||    37
       Bread ration      |     1 |       |     2 ||     3
       Royal jelly       |       |       |     2 ||     2
       Fruit             |       |       |     2 ||     2
Armor: Robe              |    26 |    21 |    17 ||    64
       Skin              |       |     1 |    15 ||    16
Dodge: Dodged            |    72 |   158 |   284 ||   514

Table legend:
 A = Spawn XP
 B = Non-spawn XP
 C = Spawn XP percentage of total XP
 D = Spawn monster count
 E = Non-spawn monster count
 F = Spawn count percentage of total count
 G = Total turns spent on level
                    A         B        C        D         E        F      G
               +---------+---------+-------+---------+---------+-------+---------
         Total |       0 |    5871 |   0.0 |       0 |     191 |   0.0 | 13860
               +---------+---------+-------+---------+---------+-------+---------
           D:1 |       0 |      53 |   0.0 |       0 |      21 |   0.0 |  2460
           D:2 |       0 |     226 |   0.0 |       0 |      25 |   0.0 |  1498
           D:3 |       0 |     286 |   0.0 |       0 |      29 |   0.0 |  1729
           D:4 |       0 |     507 |   0.0 |       0 |      19 |   0.0 |  1259
           D:5 |       0 |     509 |   0.0 |       0 |      14 |   0.0 |  1568
           D:6 |       0 |    1402 |   0.0 |       0 |      33 |   0.0 |  2335
           D:7 |       0 |    1483 |   0.0 |       0 |      26 |   0.0 |  1611
           D:8 |       0 |    1033 |   0.0 |       0 |      20 |   0.0 |  1307
           D:9 |       0 |     372 |   0.0 |       0 |       4 |   0.0 |    93
               +---------+---------+-------+---------+---------+-------+---------
